 Dungeon Crawl Stone Soup version 0.25-a0-565-g8875c97ebb (webtiles) character file.

Game seed: 3755168036677125405, levelgen mode: deterministic

7038 MisterFreud the Spry (level 10, -11/51 HPs)
             Began as a Felid Berserker on Feb 19, 2020.
             Was an Elder of Trog.
             Mangled by a four-headed hydra (14 damage)
             ... on level 4 of the Lair of Beasts on Feb 26, 2020.
             The game lasted 00:33:44 (17818 turns).

MisterFreud the Spry (Felid Berserker)             Turns: 17818, Time: 00:33:45

Health: -11/51     AC:  6    Str: 18    XL:     10   Next: 83%
Magic:  17/17      EV: 33    Int:  9    God:    Trog [****..]
Gold:   792        SH:  0    Dex: 20    Spells: 9/9 levels left
                                        Lives:  0   Deaths: 3

rFire    . . .     SeeInvis +     - Unarmed
rCold    + . .     Gourm    .   (shield unavailable)
rNeg     . . .     Faith    .   (armour unavailable)
rPois    .         Spirit   .   (helmet unavailable)
rElec    .         Reflect  .   (cloak unavailable)
rCorr    .         Harm     .   (gloves unavailable)
MR       +....                  (boots unavailable)
Stlth    ++++++....             t - amulet of regeneration
HPRegen  0.57/turn              d - +3 ring of protection
MPRegen  0.15/turn              w - +5 ring of strength

@: studying Stealth, quick
A: very small, no armour, no weapons or thrown items, stealth, claws 1, fangs 3,
see invisible, carnivore, speed 1, shaggy fur 3, slow metabolism 1, sharp paws
a: Berserk, Trog's Hand, Brothers in Arms, Renounce Religion


You were on level 4 of the Lair of Beasts.
You worshipped Trog.
Trog was greatly pleased with you.
You were not hungry.

You visited 2 branches of the dungeon, and saw 16 of its levels.
You also visited: Ice Cave.

You collected 936 gold pieces.
You spent 144 gold pieces at shops.

Inventory:

Jewellery
 d - a +3 ring of protection (left paw)
 e - an uncursed ring of ice
 g - a +3 ring of intelligence
 t - an amulet of regeneration (around neck)
 w - a +5 ring of strength (right paw)
Wands
 i - a wand of random effects (53)
 n - a wand of flame (43)
 q - a wand of disintegration (27)
 u - a wand of acid (6)
 x - a wand of polymorph (10)
 y - a wand of digging (6)
 C - a wand of paralysis (16)
Scrolls
 c - 4 scrolls of magic mapping
 f - 11 scrolls of teleportation
 j - a scroll of blinking
 o - a scroll of remove curse
 r - 3 scrolls of identify
 A - 2 scrolls of vulnerability
 D - a scroll of torment
Potions
 b - 4 potions of haste
 h - 5 potions of ambrosia
 k - 6 potions of flight
 l - 4 potions of mutation
 m - 2 potions of heal wounds
 p - 2 potions of lignification
 s - 3 potions of curing
 v - 3 potions of cancellation
 B - 2 potions of invisibility {unknown}
 E - a potion of berserk rage
Books
 z - a manual of Stealth
Comestibles
 a - 27 rations


   Skills:
 - Level 10.0 Fighting
 - Level 16.0 Dodging
 + Level 14.1 Stealth
 + Level 11.3 Unarmed Combat
 + Level 8.7 Evocations


You had 9 spell levels left.
You didn't know any spells.
Your spell library was empty.

Dungeon Overview and Level Annotations

Branches:
Dungeon (12/15)            Temple (0/1) D:6            Lair (4/6) D:8
 Shoals (0/4) Lair:3        Snake (0/4) Lair:3          Orc (0/2) D:11
  IceCv (visited)

Altars:
Ashenzari
Cheibriados
Elyvilon
Uskayaw
Vehumet
Yredelemnul

Shops:
D:8 *   D:10 *

Portals:
Trove: D:10 (show slimy rune of Zot)

Annotations:
Lair:3 3 runed translucent doors, Osyocro's ghost, journeyman MiBe


Innate Abilities, Weirdness & Mutations

You cannot wear armour.
You are incapable of wielding weapons or throwing items.
Your paws allow you to move quietly. (Stealth)
You have sharp claws.
You have razor-sharp teeth.
You have supernaturally acute eyesight. (SInv)
You are carnivorous and can eat meat at any time.
You cover ground quickly.
Your thick and shaggy fur keeps you warm. (AC +3, rC+)
You have a slow metabolism.
Your sharp claws are effective at attacking unaware monsters.


Message History

The elephant misses you.
The elephant tramples you but does no damage.
The elephant barely misses you. The elephant completely misses you. x2
The four-headed hydra completely misses you. x4
The elephant barely misses you. The elephant completely misses you. x2
The elephant misses you. The four-headed hydra bites you.
The four-headed hydra misses you. x2; The four-headed hydra bites you.
* * * LOW HITPOINT WARNING * * *
The elephant completely misses you. x2; The four-headed hydra misses you. x2
The four-headed hydra completely misses you.
The four-headed hydra bites you!
* * * LOW HITPOINT WARNING * * *
The elephant completely misses you.
The elephant trunk-slaps you but does no damage.
The elephant completely misses you. The elephant misses you.
The elephant barely misses you. x2
The four-headed hydra closely misses you.
The four-headed hydra completely misses you.
The four-headed hydra bites you!
You die...

.............#..>................
........#.......................†
.......>.........................
.....÷...........................
.................................
.................................
.........>.......................
....#..........YYD..............#
###.#.P######...@......#######.##
# ###### #...........# ###
##.........## #.......###
#.......## ##.......#
#........### ####÷.......#
#.##.......##


You could see a four-headed hydra and 2 elephants.

Vanquished Creatures
  Josephine (D:11)
  Erolcha (D:10)
  2 hydras
  Urug (Lair:4)
  An unseen horror (D:11)
  A wolf spider zombie (D:12)
  Pikel (D:7)
  2 cyclopes (D:12)
  A centaur zombie (D:12)
  3 black mambas
  A merfolk siren (Lair:3)
  2 ugly things (D:10)
  Maggie (D:6)
  A centaur skeleton (D:10)
  6 spiny frogs
  A kobold demonologist (D:12)
  A rime drake (Lair:1)
  A komodo dragon (Lair:2)
  3 polar bears
  Prince Ribbit (D:8)
  A hornet (D:10)
  A harpy skeleton (D:12)
  2 hippogriffs
  5 slime creatures (D:12)
  7 blink frogs
  5 wraiths (D:11)
  Sigmund (D:4)
  5 yaks
  2 spriggans (Lair:3)
  6 basilisks
  A human (D:9)
  4 wyverns
  A steam dragon (Lair:3)
  2 hogs (D:9)
  A hungry ghost (D:12)
  Menkaure (D:6)
  A warg (D:11)
  A naga (Lair:3)
  2 soldier ants
  8 water moccasins
  Duvessa (D:6)
  2 porcupines
  2 sky beasts
  6 orc warriors
  2 slaves (D:7)
  5 ice beasts
  3 black bears
  An eye of draining (D:10)
  6 ogres
  5 centaurs
  16 wolves
  8 crocodiles
  A big kobold (D:7)
  25 bullfrogs
  2 wyvern skeletons
  4 scorpions
  Dowan (D:6)
  13 wights
  10 killer bees
  An electric eel (D:8)
  4 crimson imps
  A bullfrog zombie (D:7)
  A jelly (D:10)
  A quasit (D:9)
  3 orc priests
  5 hounds
  4 bullfrog skeletons
  5 orc wizards
  Ijyb (D:3)
  2 iguanas
  13 worker ants
  A hound zombie (D:8)
  A hound skeleton (D:3)
  Robin (D:3)
  A gnoll (D:4)
  9 adders
  A shadow imp (D:12)
  2 oozes (D:2)
  3 adder skeletons
  4 worms
  A dart slug (D:2)
  8 leopard geckos
  32 orcs
  10 giant cockroaches
  12 goblins
  6 hobgoblins (D:3)
  7 jackals
  4 quokkas
  2 ball pythons
  10 bats
  A jackal zombie (D:2)
  12 kobolds
  2 leopard gecko skeletons
  A leopard gecko zombie (D:7)
  A quokka zombie (D:5)
  4 rats
379 creatures vanquished.

Vanquished Creatures (others)
  A fungus (Lair:4)
  2 plants
3 creatures vanquished.

Grand Total: 382 creatures vanquished

Notes
Turn   | Place    | Note
-------+----------+-------------------------------------------
     0 | D:1      | MisterFreud the Felid Berserker began the quest for the
                  | Orb.
     0 | D:1      | Reached XP level 1. HP: 10/10 MP: 2/2
   846 | D:2      | Reached XP level 2. HP: 8/14 MP: 3/3
  1196 | D:2      | Reached XP level 3. HP: 18/18 MP: 4/4
  1494 | D:3      | Noticed Ijyb
  1510 | D:3      | Killed Ijyb
  1510 | D:3      | Reached XP level 4. HP: 22/22 MP: 5/5
  1551 | D:3      | Reached skill level 5 in Fighting
  1553 | D:3      | Identified the +0 helmet "Eryr" {rC+ MP+9 Dex+4}
  1553 | D:3      | Noticed Robin
  1563 | D:3      | Reached ** piety under Trog
  1951 | D:3      | Killed Robin
  2075 | D:3      | Reached XP level 5. HP: 27/27 MP: 6/6
  2266 | D:3      | Found a hide-covered altar of Uskayaw.
  2662 | D:3      | Noticed an ogre
  2667 | D:3      | Killed an ogre
  2667 | D:3      | Reached *** piety under Trog
  2667 | D:3      | Gained mutation: You are covered in thick fur. (AC +2)
                  | [Felid growth]
  2667 | D:3      | Reached XP level 6. HP: 31/31 MP: 7/7
  2943 | D:3      | Found a snail-covered altar of Cheibriados.
  3117 | D:4      | Noticed Sigmund
  3125 | D:4      | Killed Sigmund
  3125 | D:4      | Reached skill level 5 in Dodging
  3323 | D:4      | Reached XP level 7. HP: 34/34 MP: 8/8
  3473 | D:4      | Found a white marble altar of Elyvilon.
  3554 | D:4      | Reached skill level 6 in Dodging
  3705 | D:4      | Reached skill level 5 in Stealth
  3856 | D:5      | Entered Level 5 of the Dungeon
  3910 | D:5      | Reached skill level 5 in Unarmed Combat
  4306 | D:5      | Reached skill level 7 in Dodging
  4444 | D:5      | Reached XP level 8. HP: 38/38 MP: 9/9
  4676 | D:5      | Reached skill level 8 in Dodging
  4971 | D:6      | Noticed Dowan
  4972 | D:6      | Noticed Duvessa
  4980 | D:6      | Killed Dowan
  4987 | D:6      | Killed Duvessa
  4988 | D:6      | Reached skill level 9 in Dodging
  5567 | D:6      | Reached skill level 10 in Dodging
  5636 | D:6      | Found a shattered altar of Ashenzari.
  5694 | D:6      | Noticed Menkaure
  5703 | D:6      | Killed Menkaure
  5703 | D:6      | Reached skill level 1 in Evocations
  6034 | D:6      | Reached XP level 9. HP: 41/41 MP: 11/11
  6039 | D:6      | Reached **** piety under Trog
  6223 | D:6      | Found a snail-covered altar of Cheibriados.
  6223 | D:6      | Found a basalt altar of Yredelemnul.
  6223 | D:6      | Found a radiant altar of Vehumet.
  6226 | D:6      | Noticed Maggie
  6243 | D:6      | Killed Maggie
  6392 | D:6      | Found a staircase to the Ecumenical Temple.
  7038 | D:7      | Noticed Pikel
  7312 | D:7      | Upgraded the game from 0.25-a0-528-g6b7c99946c to
                  | 0.25-a0-544-gee0576305d
  7402 | D:7      | Killed Pikel
  7720 | D:7      | Reached skill level 5 in Evocations
  7953 | D:8      | Reached skill level 11 in Dodging
  8531 | D:8      | Found Wochualu's General Store.
  8539 | D:8      | Noticed Prince Ribbit
  8560 | D:8      | Killed Prince Ribbit
  8560 | D:8      | Reached XP level 10. HP: 47/47 MP: 15/15
  8634 | D:8      | Bought a scroll of teleportation for 48 gold pieces
  8675 | D:8      | Found a staircase to the Lair.
 10185 | D:10     | Entered Level 10 of the Dungeon
 10185 | D:10     | Noticed a white ugly thing
 10190 | D:10     | Killed a white ugly thing
 10198 | D:10     | Noticed Erolcha
 10205 | D:10     | Killed Erolcha
 10205 | D:10     | Reached skill level 12 in Dodging
 10230 | D:10     | Found a portal to a secret trove of treasure.
 10236 | D:10     | Reached skill level 10 in Stealth
 10434 | D:10     | Found Qarhec's Assorted Antiques.
 10436 | D:10     | Bought a twisted fluorescent wand for 96 gold pieces
 10649 | D:10     | Found a shattered altar of Ashenzari.
 10754 | D:10     | Noticed a brown ugly thing
 10762 | D:10     | Killed a brown ugly thing
 10762 | D:10     | Reached XP level 11. HP: 52/52 MP: 16/16
 11199 | D:11     | Found a staircase to the Orcish Mines.
 11263 | D:11     | Noticed Josephine
 11274 | D:11     | Killed Josephine
 11409 | D:11     | Killed from afar by an orc wizard
 11410 | D:11     | Reached XP level 10. HP: -6/49 MP: 15/15
 11410 | D:11     | Upgraded the game from 0.25-a0-544-gee0576305d to
                  | 0.25-a0-558-g78a2afb0af
 11602 | D:11     | Noticed an unseen horror
 11620 | D:11     | Reached skill level 13 in Dodging
 11744 | D:11     | Killed an unseen horror
 11878 | D:11     | Found a frozen archway.
 11883 | IceCv    | Entered an ice cave
 12473 | D:12     | Noticed a cyclops
 12486 | D:12     | Killed a cyclops
 12486 | D:12     | Reached XP level 11. HP: 54/54 MP: 16/16
 12698 | D:12     | Noticed a soul eater
 12974 | D:12     | Reached skill level 10 in Fighting
 12980 | D:12     | Reached skill level 10 in Unarmed Combat
 13304 | D:12     | Reached skill level 14 in Dodging
 14363 | Lair:1   | Entered Level 1 of the Lair of Beasts
 14534 | Lair:1   | Reached skill level 15 in Dodging
 14597 | Lair:1   | Noticed a six-headed hydra
 14607 | Lair:1   | Killed a six-headed hydra
 15138 | Lair:1   | Reached skill level 16 in Dodging
 15331 | Lair:1   | Identified a scroll of acquirement
 15702 | Lair:2   | Gained mutation: Your thick and shaggy fur keeps you warm.
                  | (AC +3, rC+) [Felid growth]
 15702 | Lair:2   | Reached XP level 12. HP: 58/58 MP: 17/17
 16206 | Lair:3   | Found a staircase to the Snake Pit.
 16305 | Lair:3   | Found a runed translucent gate.
 16306 | Lair:3   | Found a runed translucent gate.
 16307 | Lair:3   | Found a runed translucent gate.
 16313 | Lair:3   | Noticed a minotaur
 16313 | Lair:3   | Noticed Osyocro's ghost (journeyman MiBe)
 16417 | Lair:3   | Found a staircase to the Shoals.
 17330 | Lair:4   | Noticed Urug
 17337 | Lair:4   | Killed Urug
 17534 | Lair:4   | Noticed a four-headed hydra
 17568 | Lair:4   | HP: 2/87 [four-headed hydra (4)]
 17568 | Lair:4   | Slain by a basilisk
 17569 | Lair:4   | Reached XP level 11. HP: -4/81 MP: 18/18
 17617 | Lair:4   | Noticed a six-headed hydra
 17644 | Lair:3   | Upgraded the game from 0.25-a0-558-g78a2afb0af to
                  | 0.25-a0-561-g0977b4d109
 17764 | Lair:4   | Killed a six-headed hydra
 17775 | Lair:4   | Mangled by a four-headed hydra
 17776 | Lair:4   | Reached XP level 10. HP: -8/51 MP: 17/17
 17776 | Lair:4   | Upgraded the game from 0.25-a0-561-g0977b4d109 to
                  | 0.25-a0-565-g8875c97ebb
 17818 | Lair:4   | Mangled by a four-headed hydra

Levels and vault maps discovered:
D:1:      minmay_arrival_cross, layout_loops_corners
D:2:      layout_rooms
D:3:      wad_crossroads, layout_basic, eat_drink_and_be_merry_uskayaw,
          grunt_ministairs_10, cheibriados_altar_1, uniq_robin, uniq_ijyb
D:4:      minmay_angry_zag, layout_loops_ring, elyvilon_altar_5, first_ration,
          minmay_statues_item, corexii_shack, kennysheep_generic_room_11,
          uniq_sigmund
D:5:      layout_loops_cross
D:6:      layout_cave_pools, lemuel_round_altar, gammafunk_temple_overflow_claw,
          minmay_temple_entry_enclosed_plants, minmay_misc_feat_tiny,
          uniq_maggie, uniq_duvessa, uniq_menkaure
D:7:      layout_loops_corners, uniq_pikel
D:8:      layout_basic, dpeg_oklobed_lair, serial_shops, shop,
          uniq_prince_ribbit1
D:9:      layout_loops_corners, grunt_livestock
D:10:     layout_irregular_city, enter_trove_2, serial_shops, shop,
          hangedman_decor_lopped, evilmike_ruin_ashenzari, uniq_erolcha
D:11:     layout_roguey, david_orc_3, portal_ice_cave_entry_pillars_2,
          uniq_josephine
D:12:     layout_grid_maze, serial_bayou_pond_d
Lair:1:   layout_long_grid, gauntlet_entry_generic, beast_lair_carwin_4,
          grunt_megastairs_5
Lair:2:   layout_roguey, lemuel_fruit_fields
Lair:3:   layout_roguey, minmay_shoals_entry_lonely_mermaid,
          guppyfry_snake_entry_garden, maelrawn_ghost_gauntlet_escape,
          forest_entry_grove
Lair:4:   layout_hall_layers, kennysheep_basilisk_garden, uniq_urug

Skill      XL: |  1  2  3  4  5  6  7  8  9 10 11 12 |
---------------+-------------------------------------+-----
Fighting       | 4 5 6 7 8 10 | 10.0
Stealth        | 2 4 6 8 10 14 13 | 14.1
Dodging        | 5 7 10 11 13 16 | 16.0
Unarmed Combat | 4 5 6 7 8 10 11 | 11.3
Evocations     | 2 5 6 8 |  8.7

Action                   |  1- 3 |  4- 6 |  7- 9 | 10-12 || total
-------------------------+-------+-------+-------+-------++-------
Melee: Unarmed           |    71 |   158 |   346 |   772 ||  1347
       Bite              |     4 |    19 |    38 |   104 ||   165
       Punch             |     1 |     2 |     7 |    60 ||    70
Invok: Berserk           |     1 |     4 |    23 |    29 ||    57
       Trog's Hand       |       |       |       |    16 ||    16
Evoke: Wand              |       |       |       |     4 ||     4
  Use: Scroll            |       |     8 |     9 |    10 ||    27
       Potion            |       |       |     1 |     1 ||     2
 Stab: Sleeping          |     6 |     6 |    16 |    41 ||    69
       Distracted        |       |       |       |     4 ||     4
  Eat: Chunk             |     4 |    12 |    25 |    55 ||    96
       Ration            |       |       |     2 |     1 ||     3
Armor: Skin              |    10 |    18 |    23 |    49 ||   100
Dodge: Dodged            |    42 |   169 |   281 |   868 ||  1360

Table legend:
 A = Non-vault XP
 B = Vault XP
 C = Vault XP percentage of total XP
 D = Non-vault monster count
 E = Vault monster count
 F = Vault count percentage of total count
                 A         B        C        D         E       F
            +---------+---------+-------+---------+---------+-------
      Total |   29935 |   11844 |  28.3 |     303 |      74 |  19.6
            +---------+---------+-------+---------+---------+-------
        D:1 |       6 |       0 |   0.0 |       3 |       0 |   0.0
        D:2 |      63 |       2 |   3.1 |      20 |       1 |   4.8
        D:3 |     108 |     207 |  65.7 |      26 |      19 |  42.2
        D:4 |     325 |     320 |  49.6 |      15 |       6 |  28.6
        D:5 |     828 |       0 |   0.0 |      21 |       0 |   0.0
        D:6 |     825 |     784 |  48.7 |      16 |       4 |  20.0
        D:7 |     761 |     607 |  44.4 |      25 |       1 |   3.8
        D:8 |     659 |     277 |  29.6 |      18 |       1 |   5.3
        D:9 |    1190 |     986 |  45.3 |      18 |       5 |  21.7
       D:10 |    3029 |    1064 |  26.0 |      25 |       1 |   3.8
       D:11 |    1617 |    2732 |  62.8 |      16 |      12 |  42.9
       D:12 |    5541 |       0 |   0.0 |      29 |       0 |   0.0
     Lair:1 |    3770 |     991 |  20.8 |      15 |       8 |  34.8
     Lair:2 |    4956 |       0 |   0.0 |      25 |       0 |   0.0
     Lair:3 |    2458 |    1855 |  43.0 |      15 |       9 |  37.5
     Lair:4 |    3799 |    1628 |  30.0 |      16 |       5 |  23.8
      IceCv |       0 |     391 | 100.0 |       0 |       2 | 100.0
            +---------+---------+-------+---------+---------+-------
